AoeStats
← JLlanqui

Arabia

509497027Analyzed
1v1 RM · 4d ago on Sep 27, 2026· 37m 54s· 2 players
Game mode
Random Map
Map size
Tiny (2 player)
Population
200
Speed
Normal
Resources
Standard
Victory
Conquest
Starting age
Dark Age
Ending age
Imperial Age
RankedLock teamsTeams togetherTeam positionsShared explorationLock speedFull tech treeHidden civsTurbo modeCheats
Victory
Defeat
🇨🇱 Berbers · Chile
1085
+15
🇨🇦 Armenians · Canada
1056
-15
godspeed
0:31 Loom
10:06 Feudal Age
10:59 Double-Bit Axe
12:56 Man-at-Arms
14:58 Wheelbarrow
19:09 Long Swordsman
22:37 Castle Age
21:37 Scale Mail Armor
21:48 Forging
21:31 Gold Mining
22:19 Arson
22:40 Fletching
22:41 Horse Collar
23:24 Squires
23:10 Gambesons
24:43 Chain Mail Armor
24:43 Pikeman
26:23 Two-Handed Swordsman
30:07 Iron Casting
30:07 Town Watch
34:53 Hand Cart
JLlanqui
6:34 Loom
9:26 Feudal Age
10:01 Double-Bit Axe
11:33 Horse Collar
20:32 Wheelbarrow
23:22 Castle Age
21:26 Stone Mining
21:35 Gold Mining
21:44 Fletching
22:32 Scale Barding Armor
22:54 Bloodlines
28:00 Bow Saw
31:04 Bodkin Arrow
31:10 Padded Archer Armor
32:00 Ballistics
37:45 Imperial Age
35:31 Hand Cart
Connection lost

Rejoining the realm…

Still unreachable

The connection could not be restored.

Session expired

The server has moved on; the page needs a fresh start.